 Dungeon Crawl Stone Soup version 0.27-a0-1147-gb3d8e82157 (webtiles) character file.

Game seed: 7108618514074963065

11 Froggeryz the Chiller (level 2, 0/19 HPs)
             Began as a Human Ice Elementalist on May 12, 2021.
             Slain by an adder (2 damage)
             ... on level 1 of the Dungeon.
             The game lasted 00:01:10 (1264 turns).

Froggeryz the Chiller (Human Ice Elementalist)      Turns: 1264, Time: 00:01:11

Health: 0/19       AC:  2    Str:  8    XL:     2   Next: 35%
Magic:  5/5        EV: 12    Int: 15    God:
Gold:   49         SH:  0    Dex: 13    Spells: 4/5 levels left

rFire    . . .     SeeInvis .   c - +0 long sword (elec)
rCold    . . .     Faith    .   (no shield)
rNeg     . . .     Spirit   .   a - +0 robe
rPois    .         Reflect  .   (no helmet)
rElec    .         Harm     .   (no cloak)
rCorr    .         Rampage  .   (no gloves)
Will     .....                  (no boots)
Stlth    ++........             (no amulet)
HPRegen  0.06/turn              (no ring)
MPRegen  0.09/turn              (no ring)

@: lethally poisoned (0 -> -3)
A: no striking features
a: no special abilities


You were on level 1 of the Dungeon.
You visited 1 branch of the dungeon, and saw 2 of its levels.

You collected 49 gold pieces.

Inventory:

Hand Weapons
 c - a +0 long sword of electrocution (weapon)
Armour
 a - a +0 robe (worn)
Jewellery
 b - a +6 ring of intelligence


   Skills:
 - Level 2.0 Dodging
 - Level 2.0 Stealth
 - Level 2.0 Spellcasting
 * Level 4.5 Ice Magic


You had 4 spell levels left.
You knew the following spells:

 Your Spells              Type           Power      Damage    Failure   Level
a - Freeze                Ice            60%        1d8       3%          1

Your spell library contained the following spells:

 Spells                   Type           Power      Damage    Failure   Level
 Frozen Ramparts          Ice            30%        1d5       11%         3
 Ozocubu's Armour         Ice            15%        N/A       11%         3
 Hailstorm                Conj/Ice       8%         3d4       65%         4
 Metabolic Englaciation   Hex/Ice        4%         N/A       94%         5


Dungeon Overview and Level Annotations

Branches:
Dungeon (2/15)

Altars:

Shops:
D:2 :


Message History

You open the door.
There is an open door here.
Done exploring.
Done exploring.
Done exploring.
No target in view!
You open the door.
There is an open door here.
There is a stone staircase leading down here.
You climb downwards.
Found 5 gold pieces.
There is a stone staircase leading up here.
A bullfrog comes into view.
A bullfrog is nearby!
An adder and a hobgoblin come into view.
Found Riduq's Book Shop.
Found a stone staircase leading down.
The adder hisses angrily.
The hobgoblin shouts!
The bullfrog gives a loud, deep croak!
The adder closely misses you. The adder barely misses you.
Found 6 arrows.
The adder bites you but does no damage. The bullfrog hits you!
There is a stone staircase leading up here.
The bullfrog barely misses you. The adder bites you.
You are lethally poisoned!
The adder poisons you!
You climb upwards.
* * * LOW HITPOINT WARNING * * *
You feel very sick.
There is a stone staircase leading down here.
You aren't carrying any potions.
As you read the scroll labelled PAGIKK UF KUIFF, it crumbles to dust.
It is a scroll of identify.
You don't have any unidentified items.
* * * LOW HITPOINT WARNING * * *
You feel sick. The bullfrog hits you.
* * * LOW HITPOINT WARNING * * *
The adder barely misses you. The bullfrog barely misses you.
* * * LOW HITPOINT WARNING * * *
You feel sick. The adder bites you.
You die...

....†..#
#.#..#.##...###
.......#
#.#..#.##.####
########
#.#....##.##.#
#######
#.##...##.##.#
......#
#.#.....#.##.#
......#
#.#..........#
......#
#.#.#...######
......# #.#...SF#
......# #.###.#@###
#.....# #.# #.#...#
.#....####.# #.###.#
.#....#....# #...#.#
..#...#.##########.#
..#...#.# #.......#
..#...#.# #.#######
..#...#.####'######
.#....#...........#


You could see a bullfrog and an adder.

Vanquished Creatures
  A ball python (D:1)
  2 endoplasms (D:1)
  A giant cockroach (D:1)
  A hobgoblin (D:1)
  A quokka (D:1)
  2 bats (D:1)
  A kobold (D:1)
9 creatures vanquished.

Notes
Turn   | Place    | Note
-------+----------+-------------------------------------------
     0 | D:1      | Froggeryz the Human Ice Elementalist began the quest for
                  | the Orb.
     0 | D:1      | Reached XP level 1. HP: 13/13 MP: 3/3
   875 | D:1      | Reached XP level 2. HP: 11/19 MP: 3/5
  1255 | D:2      | Noticed a bullfrog
  1256 | D:2      | Found Riduq's Book Shop.
  1264 | D:1      | Slain by an adder

Illustrated notes

Levels and vault maps discovered:
D:1:      dpeg_arrival_solitude, layout_basic, grunt_decor_mini_mirrors
D:2:      layout_loops_ring, serial_shops, shop, roderic_lattice_a

Action                   || total
-------------------------++-------
Melee: Short sword       ||     3
       Long sword        ||     6
       Unarmed           ||     1
 Cast: Freeze            ||     8
  Use: Scroll            ||     1
 Stab: Sleeping          ||     2
Armor: Robe              ||     5
Dodge: Dodged            ||    25

Table legend: (Time is in decaauts)
 A = Elapsed time spent in this place.
 B = Non-inter-level travel time spent in this place.
 C = Inter-level travel time spent in this place.
 D = Time resting spent in this place.
 E = Time spent auto-exploring this place.
 F = Levels seen in this place.
 G = Mean time per level.
                   A        B        C        D        E       F      G
               +--------+--------+--------+--------+--------+-----+--------+
         Total |   1265 |   1245 |     20 |    214 |    891 |   2 |  632.5 |
       Dungeon |   1265 |   1245 |     20 |    214 |    891 |   2 |  632.5 |
               +--------+--------+--------+--------+--------+-----+--------+

Top non-repeatable levels by time:
     D:1: 1257 daAuts
     D:2: 8 daAuts
